 Dungeon Crawl Stone Soup version 0.26-a0-850-g97a50ab700 (webtiles) character file.

Game seed: 1145449002888801035

42226 pablito the Whirler (level 14, -14/94 HPs)
             Began as a Halfling Hunter on Nov 20, 2020.
             Was the Champion of Okawaru.
             Demolished by an eight-headed hydra (15 damage)
             ... on level 4 of the Lair of Beasts.
             The game lasted 01:26:05 (20745 turns).

pablito the Whirler (Halfling Hunter)              Turns: 20745, Time: 01:26:06

Health: -14/94     AC: 14    Str: 13    XL:     14   Next: 54%
Magic:  17/22      EV: 22    Int:  9    God:    Okawaru [******]
Gold:   668        SH: 15    Dex: 20    Spells: 8/13 levels left

rFire    . . .     SeeInvis .   a - +5 hunting sling
rCold    . . .     Faith    .   R - +3 buckler
rNeg     . . .     Spirit   .   w - +1 troll leather armour
rPois    .         Reflect  +   p - +1 hat
rElec    .         Harm     .   h - scarf {repulsion}
rCorr    .         Rampage  .   F - +2 pair of gloves
MR       +....                  (no boots)
Stlth    +++.......             I - amulet of reflection
HPRegen  0.65/turn              X - +4 ring of protection
MPRegen  0.18/turn              V - +4 ring of slaying

@: lethally poisoned (-14 -> -17), finesse, repel missiles
A: small, mutation resistance 1
a: Heroism, Finesse, Renounce Religion


You were on level 4 of the Lair of Beasts.
You worshipped Okawaru.
Okawaru was exalted by your worship.
You visited 3 branches of the dungeon, and saw 17 of its levels.
You also visited: Volcano.

You collected 967 gold pieces.
You spent 299 gold pieces at shops.

Inventory:

Hand Weapons
 a - a +5 hunting sling (weapon)
 d - the +4 demon whip "Ylumpeog" {drain, SInv}
   (Okawaru gifted it to you in a volcano)

   A truly terrible weapon, it drains the life of those it strikes.
   It lets you see invisible.
 s - a +0 rapier
 E - a +0 rapier
Missiles
 g - 389 stones
 k - 54 sling bullets (quivered)
Armour
 e - a +1 leather armour of fire resistance
 h - a scarf of repulsion (worn)
 m - a scarf of shadows
 p - a +1 hat (worn)
 w - a +1 troll leather armour (worn)
 F - a +2 pair of gloves (worn)
 R - a +3 buckler (worn)
 S - a +3 chain mail of poison resistance
Jewellery
 b - an uncursed ring of magical power
 v - an uncursed ring of fire
 H - an uncursed ring of wizardry
 I - an amulet of reflection (around neck)
 O - an uncursed ring of protection from fire
 V - a +4 ring of slaying (right hand)
 X - a +4 ring of protection (left hand)
 Y - an uncursed ring of wizardry
Wands
 q - a wand of enslavement (10)
 x - a wand of paralysis (7)
 y - a wand of iceblast (13)
 G - a wand of flame (59)
 P - a wand of acid (10)
 Q - a wand of random effects (22)
Scrolls
 j - 6 scrolls of identify
 l - a scroll of amnesia
 o - 8 scrolls of remove curse
 t - 2 scrolls of vulnerability {unknown}
 C - a scroll of magic mapping
 K - 5 scrolls of fog
 T - 2 scrolls of fear
 W - 2 scrolls of teleportation
 Z - a scroll of blinking {unknown}
Potions
 c - a potion of mutation {unknown}
 f - a potion of heal wounds
 i - 6 potions of flight
 n - a potion of attraction {unknown}
 r - 2 potions of magic
 u - 6 potions of brilliance
 z - 2 potions of curing
 A - 3 potions of might
 B - 2 potions of ambrosia
 D - a potion of invisibility {unknown}
 J - 2 potions of lignification {unknown}
 L - 2 potions of berserk rage
 M - 3 potions of haste


   Skills:
 + Level 8.2 Fighting
 - Level 8.3 Short Blades
 - Level 16.3 Slings
 + Level 6.6 Armour
 + Level 9.8 Dodging
 + Level 4.0 Stealth
 - Level 6.7 Shields
 + Level 2.5 Summonings
 + Level 9.4 Translocations
 + Level 10.6 Invocations


You had 8 spell levels left.
You knew the following spells:

 Your Spells              Type           Power        Failure   Level
a - Blink                 Tloc           N/A          1%          2
b - Call Canine Familiar  Summ           #.......     47%         3

Your spell library contained the following spells:

 Spells                   Type           Power        Failure   Level
 Summon Small Mammal      Summ           #...         19%         1
 Call Imp                 Summ           #.......     26%         2
 Magic Dart               Conj           #...         45%         1
 Slow                     Hex            #.......     58%         2
 Summon Guardian Golem    Hex/Summ       #.......     65%         3
 Conjure Flame            Conj/Fire      #.......     83%         3
 Mephitic Cloud           Conj/Pois/Air  #.......     83%         3
 Summon Ice Beast         Ice/Summ       #.......     96%         4
 Summon Lightning Spire   Summ/Air       #.......     96%         4


Dungeon Overview and Level Annotations

Branches:
Dungeon (11/15)            Temple (1/1) D:4            Lair (5/6) D:10
 Shoals (0/4) Lair:4       Spider (0/4) Lair:2          Orc (0/2) D:9
Volcano (visited)
  Slime: Lair:5-6

Altars:
Ashenzari
Cheibriados
Dithmenos
Elyvilon
Fedhas
Gozag
Hepliaklqana
Kikubaaqudgha
Makhleb
Nemelex Xobeh
Okawaru
Qazlal
Ru
Sif Muna
Trog
Uskayaw
Vehumet
Wu Jian
Xom
Yredelemnul
Zin
The Shining One

Shops:
D:4 [?*(   D:6 ?[!

Annotations:
Lair:5 Nessos


Innate Abilities, Weirdness & Mutations

You are small and have problems with some larger weapons.
You are somewhat resistant to further mutation.


Message History

Press: ? - help, Shift-Dir - straight line, f/p - eight-headed hydra
Aim: an eight-headed hydra (moderately wounded)
You shoot a sling bullet.
The sling bullet hits the eight-headed hydra!
The eight-headed hydra is moderately wounded.
Firing (i - inventory. (/) - cycle)
k - 55 sling bullets (quivered)
Press: ? - help, Shift-Dir - straight line, f/p - eight-headed hydra
Aim: an eight-headed hydra (moderately wounded)
You shoot a sling bullet.
The sling bullet hits the eight-headed hydra!
The eight-headed hydra is heavily wounded.
The eight-headed hydra bites you!
* * * LOW HITPOINT WARNING * * *
You block the eight-headed hydra's attack. x2
The eight-headed hydra misses you.
The eight-headed hydra completely misses you.
The eight-headed hydra bites you!
* * * LOW HITPOINT WARNING * * *
The eight-headed hydra bites you!
You die...

#................#..#.##........
#....#P..##P.....#P..###......##
#^..#...####.....#P[..#P......#.
##..#....##......##.............
#..##....#P......#...##........
#..###...##......#...P.......P.
#..###...###.....#.PP........#.
##...##.### #...D##.P.P.......##
##...#########..@.##.#.#.......##
#.#...#...#.......##.P+#P........
##...............................
##..............................
##..............................
#P..............................
#...#P.....#............>.....P#
#...###...##.......###..##....##
#...##.#..#.#.....#######......#


You could see an eight-headed hydra.

Vanquished Creatures
  Gastronok (D:8)
  Snorg (Lair:4)
  A fire dragon (Volcano)
  3 hydras (Lair:1)
  Erolcha (D:9)
  Harold (D:11)
  2 catoblepae
  Erica (D:9)
  2 two-headed ogres
  An ugly thing (D:10)
  Pikel (D:4)
  2 manticores
  A cyclops (D:11)
  6 elephants (Lair:3)
  2 salamanders (Volcano)
  2 gargoyles
  A black mamba (Lair:4)
  A rime drake (Lair:3)
  13 cane toads
  13 komodo dragons
  3 polar bears (Lair:4)
  6 trolls
  Prince Ribbit (D:7)
  9 blink frogs (Lair:3)
  A queen bee (D:9)
  Grinder (D:6)
  A hornet (D:9)
  7 wyverns
  3 basilisks
  A wraith (D:10)
  22 yaks
  5 fire bats (Volcano)
  Grum (D:8)
  5 steam dragons
  3 wargs (D:10)
  10 water moccasins
  An acid dragon (D:11)
  Duvessa (D:4)
  4 orc warriors
  4 sky beasts
  2 phantoms
  3 black bears
  3 ice beasts (D:7)
  3 centaurs
  3 wolves (D:8)
  10 ogres
  A lemure (D:4)
  A big kobold (D:11)
  17 bullfrogs
  A gnoll sergeant (D:6)
  3 scorpions
  A wyvern skeleton (D:10)
  A water moccasin skeleton (D:7)
  5 wights
  Dowan (D:4)
  29 killer bees
  A howler monkey (D:10)
  2 bullfrog zombies (D:9)
  A quasit (D:11)
  A centaur zombie (D:5)
  A jelly (D:9)
  5 hounds
  4 orc priests
  A gnoll shaman (D:2)
  Crazy Yiuf (D:2)
  Jessica (D:3)
  Ijyb (D:2)
  8 iguanas
  13 orc wizards
  8 worker ants
  3 hell rats (Lair:4)
  A killer bee zombie (D:8)
  A hound zombie (D:5)
  A hound skeleton (D:5)
  A howler monkey skeleton (D:10)
  17 gnolls
  7 adders
  5 river rats (Lair:4)
  5 white imps
  3 ufetubi
  3 oozes
  2 adder skeletons
  3 worms
  7 dart slugs
  3 leopard geckos
  38 orcs
  7 giant cockroaches
  8 goblins
  12 hobgoblins
  4 jackals (D:1)
  10 kobolds
  9 quokkas
  5 bats
  5 frilled lizards
  2 jackal skeletons
  A leopard gecko skeleton (D:5)
  2 quokka skeletons
  16 rats
458 creatures vanquished.

Vanquished Creatures (others)
  12 fungi
  62 plants
  4 toadstools (D:1)
78 creatures vanquished.

Grand Total: 536 creatures vanquished

Notes
Turn   | Place    | Note
-------+----------+-------------------------------------------
     0 | D:1      | pablito the Halfling Hunter began the quest for the Orb.
     0 | D:1      | Reached XP level 1. HP: 14/14 MP: 1/1
    28 | D:1      | Reached skill level 6 in Slings
    37 | D:1      | Reached XP level 2. HP: 19/19 MP: 2/2
   297 | D:1      | Reached skill level 1 in Shields
   305 | D:1      | Reached XP level 3. HP: 24/24 MP: 3/3
   887 | D:2      | Reached XP level 4. HP: 29/29 MP: 4/4
   978 | D:2      | Reached skill level 7 in Slings
  1409 | D:2      | Found a runed translucent door.
  1410 | D:2      | Noticed Crazy Yiuf
  1470 | D:2      | Killed Crazy Yiuf
  1709 | D:2      | Reached XP level 5. HP: 30/34 MP: 5/5
  2509 | D:2      | Reached skill level 8 in Slings
  2816 | D:3      | Noticed Ijyb
  2822 | D:3      | Reached XP level 6. HP: 39/39 MP: 6/6
  2839 | D:2      | Killed Ijyb
  3323 | D:3      | Found a sacrificial altar of Ru.
  3619 | D:2      | Reached skill level 1 in Short Blades
  4049 | D:3      | Noticed Jessica
  4053 | D:3      | Killed Jessica
  4054 | D:3      | Reached XP level 7. HP: 44/44 MP: 7/7
  4454 | D:4      | Found a staircase to the Ecumenical Temple.
  4460 | Temple   | Entered the Ecumenical Temple
  4476 | Temple   | Became a worshipper of Warmaster Okawaru
  4773 | D:4      | Reached skill level 9 in Slings
  4954 | D:4      | Found Sefypp's Weapon Emporium.
  4954 | D:4      | Found Azempiamn's Assorted Antiques.
  4994 | D:4      | Found Zamujabu's Magic Scroll Emporium.
  4995 | D:4      | Found Zerphas's Armour Emporium.
  5122 | D:4      | Bought a large gilded ring for 135 gold pieces
  5122 | D:4      | Bought a scroll labelled SEAR KIUBA for 27 gold pieces
  5122 | D:4      | Bought a scroll labelled MIAKIC TEDWE for 27 gold pieces
  5235 | D:5      | Entered Level 5 of the Dungeon
  5278 | D:5      | Found a shadowy altar of Dithmenos.
  5285 | D:5      | Reached skill level 5 in Shields
  5302 | D:5      | Noticed Pikel
  5513 | D:4      | Killed Pikel
  5513 | D:4      | Reached * piety under Okawaru
  5513 | D:4      | Reached ** piety under Okawaru
  5514 | D:4      | Reached skill level 5 in Short Blades
  5514 | D:4      | Reached skill level 10 in Slings
  5514 | D:4      | Reached XP level 8. HP: 31/50 MP: 8/8
  5727 | D:5      | Noticed Duvessa
  5733 | D:5      | Noticed Dowan
  5745 | D:4      | Killed Dowan
  6034 | D:4      | Killed Duvessa
  6239 | D:5      | Found a hazy altar of Hepliaklqana.
  6372 | D:5      | Reached skill level 1 in Invocations
  6793 | D:5      | Reached skill level 11 in Slings
  6862 | D:5      | Reached XP level 9. HP: 41/54 MP: 10/10
  7234 | D:6      | Found Ristymau's Magic Scroll Emporium.
  7475 | D:6      | Found an ornate altar of the Wu Jian Council.
  7500 | D:6      | Found Dyam's Antique Armour Shop.
  8124 | D:6      | Reached *** piety under Okawaru
  8154 | D:6      | Found Qyujoyge's Distillery.
  8154 | D:6      | Noticed Grinder
  8172 | D:6      | Killed Grinder
  8173 | D:6      | Reached skill level 12 in Slings
  8329 | D:6      | Bought a potion of curing for 30 gold pieces
  8329 | D:6      | Bought a potion of curing for 30 gold pieces
  8329 | D:6      | Bought a potion of heal wounds for 50 gold pieces
  8517 | D:7      | Received a gift from Okawaru
  8585 | D:7      | Reached skill level 5 in Invocations
  8840 | D:7      | Reached XP level 10. HP: 57/60 MP: 13/13
  9117 | D:7      | Learned a level 2 spell: Blink
  9130 | D:7      | Noticed Prince Ribbit
  9171 | D:7      | Killed Prince Ribbit
  9172 | D:7      | Reached skill level 1 in Translocations
  9267 | D:7      | Found a glowing golden altar of the Shining One.
  9473 | D:7      | Reached **** piety under Okawaru
  9622 | D:7      | Found an opulent altar of Gozag.
  9807 | D:7      | Received a gift from Okawaru
  9886 | D:8      | Noticed a two-headed ogre
  9896 | D:8      | Killed a two-headed ogre
  9897 | D:8      | Reached skill level 13 in Slings
  9917 | D:8      | Found a sparkling altar of Nemelex Xobeh.
  9962 | D:8      | Noticed Gastronok
 10342 | D:8      | Found a white marble altar of Elyvilon.
 10411 | D:8      | Killed Gastronok
 10411 | D:8      | Received a gift from Okawaru
 10411 | D:8      | Reached ***** piety under Okawaru
 10412 | D:8      | Reached skill level 5 in Dodging
 10412 | D:8      | Reached XP level 11. HP: 37/69 MP: 14/16
 10487 | D:8      | Noticed Grum
 10643 | D:8      | Killed Grum
 11415 | D:9      | Found a staircase to the Orcish Mines.
 11456 | D:9      | Noticed Erica
 11489 | D:9      | HP: 3/70 [something/bolt of poison (8)]
 11509 | D:9      | HP: 5/70 [something (12)]
 11526 | D:9      | Killed Erica
 11526 | D:9      | Received a gift from Okawaru
 11527 | D:9      | Reached skill level 14 in Slings
 11527 | D:9      | Reached skill level 5 in Translocations
 11825 | D:9      | Received a gift from Okawaru
 11955 | D:9      | Noticed Erolcha
 11968 | D:9      | Killed Erolcha
 11969 | D:9      | Reached skill level 5 in Fighting
 12006 | D:9      | Received a gift from Okawaru
 12157 | D:9      | Received a gift from Okawaru
 12240 | D:10     | Entered Level 10 of the Dungeon
 12296 | D:10     | Found a staircase to the Lair.
 12322 | D:10     | Reached XP level 12. HP: 44/77 MP: 8/18
 13151 | D:10     | Received a gift from Okawaru
 13739 | D:11     | Reached skill level 1 in Armour
 14069 | D:11     | Noticed a catoblepas
 14254 | D:10     | Killed a catoblepas
 14255 | D:10     | Reached skill level 15 in Slings
 14398 | D:11     | Noticed Harold
 14420 | D:11     | Killed Harold
 14820 | Lair:1   | Entered Level 1 of the Lair of Beasts
 14852 | Lair:1   | Noticed a five-headed hydra
 14880 | Lair:1   | Killed a five-headed hydra
 14881 | Lair:1   | Reached XP level 13. HP: 24/85 MP: 14/20
 15205 | Lair:1   | Noticed a five-headed hydra
 15238 | Lair:1   | Killed a five-headed hydra
 15484 | Lair:1   | Received a gift from Okawaru
 15639 | Lair:1   | Noticed a four-headed hydra
 15650 | Lair:1   | Killed a four-headed hydra
 15932 | Lair:2   | Found a dark tunnel.
 15958 | Volcano  | Entered a volcano
 16065 | Volcano  | Received a gift from Okawaru
 16083 | Volcano  | Got a translucent demon whip {god gift}
 16084 | Volcano  | Identified the +4 demon whip "Ylumpeog" {drain, SInv}
                  | (Okawaru gifted it to you in a volcano)
 16181 | Volcano  | Reached skill level 5 in Armour
 16607 | Volcano  | Reached skill level 16 in Slings
 16607 | Volcano  | Reached skill level 10 in Invocations
 16768 | Volcano  | Noticed a fire dragon
 16810 | Volcano  | Killed a fire dragon
 17260 | Lair:2   | Found a hole to the Spider Nest.
 17366 | Lair:2   | Learned a level 3 spell: Call Canine Familiar
 17394 | Lair:2   | Received a gift from Okawaru
 18076 | Lair:3   | Reached XP level 14. HP: 87/93 MP: 21/21
 18128 | Lair:3   | Reached skill level 1 in Summonings
 18516 | Lair:3   | Received a gift from Okawaru
 18636 | Lair:3   | Reached ****** piety under Okawaru
 19396 | Lair:4   | Received a gift from Okawaru
 19621 | Lair:4   | Received a gift from Okawaru
 19843 | Lair:4   | Found a staircase to the Shoals.
 20360 | Lair:5   | Noticed Nessos
 20360 | Lair:5   | Noticed Snorg
 20399 | Lair:4   | Killed Snorg
 20399 | Lair:4   | Received a gift from Okawaru
 20566 | Lair:5   | HP: 9/94 [polar bear (2)]
 20745 | Lair:4   | HP: 9/94 [eight-headed hydra (10)]
 20745 | Lair:4   | HP: 1/94 [eight-headed hydra (8)]
 20745 | Lair:4   | Demolished by an eight-headed hydra

Illustrated notes

Levels and vault maps discovered:
D:1:      ldierk_walled_garden_2, layout_basic
D:2:      layout_basic, uniq_crazy_yiuf_cottage
D:3:      layout_rooms, lemuel_crystal_altar, minmay_door_square, uniq_ijyb,
          uniq_jessica
D:4:      wander_river, layout_basic, minmay_temple_entry_fiery,
          minmay_shop_grid_forest, kennysheep_cluttered_room
D:5:      layout_basic, overflow_temple_1_default,
          nicolae_dithmenos_shadow_blocks, uniq_pikel, uniq_duvessa
D:6:      layout_loops_corners, lemuel_crystal_altar, serial_shops, shop, shop,
          shop, uniq_grinder
D:7:      layout_basic, old_standard_altar, lemuel_doored_altar,
          uniq_prince_ribbit1
D:8:      layout_rooms, nemelex_xobeh_ov_fountains_minmay,
          lemuel_coloured_pillars_altar, uniq_grum, uniq_gastronok
D:9:      layout_roguey [special_room_bee], orc_0_dummy, uniq_erica,
          uniq_erolcha
D:10:     kennysheep_windowed_halls, layout_basic, erik_lair_orcish_takeover
D:11:     layout_rooms, uniq_harold
Temple:   nicolae_temple_great_sept
Lair:1:   layout_roguey, grunt_forest_stairs_basic, grunt_megastairs_2,
          serial_bayou_shore_b
Lair:2:   layout_regular_city, dummy_spider_entry, nicolae_volcano_entry_hallway
Lair:3:   layout_layer_cave, st_stairs_3
Lair:4:   layout_regular_city, shoals_dummy_entry, kennysheep_abandoned_house
Lair:5:   layout_regular_city, gammafunk_ghost_icy, beast_lair_carwin_10,
          uniq_nessos, uniq_snorg, uniq_josephine

Skill      XL: |  1  2  3  4  5  6  7  8  9 10 11 12 13 14 |
---------------+-------------------------------------------+-----
Slings         | 6 7 8 10 11 12 13 14 15 16 | 16.3
Shields        | 1 2 3 4 5 6 |  6.7
Short Blades   | 1 5 6 8 |  8.3
Invocations    | 2 5 7 8 9 10 | 10.6
Fighting       | 4 5 6 7 8 |  8.2
Dodging        | 5 6 8 9 |  9.8
Translocations | 4 6 7 8 9 |  9.4
Armour         | 3 5 6 |  6.6
Stealth        | 2 4 |  4.0
Summonings     | 2 |  2.5

Action                   |  1- 3 |  4- 6 |  7- 9 | 10-12 | 13-15 || total
-------------------------+-------+-------+-------+-------+-------++-------
Melee: Rapier            |       |    14 |       |       |       ||    14
 Fire: Hunting sling     |    80 |   219 |   486 |   925 |   858 ||  2568
 Cast: Blink             |       |       |       |     9 |     8 ||    17
Invok: Heroism           |       |       |     3 |     2 |     1 ||     6
       Finesse           |       |       |       |     5 |     3 ||     8
Evoke: Wand              |       |       |       |     2 |       ||     2
  Use: Scroll            |     1 |     4 |    12 |    12 |    12 ||    41
       Potion            |       |       |       |    11 |     5 ||    16
Armor: Leather armour    |     2 |    17 |    12 |     1 |       ||    32
       Troll leather arm |       |       |       |    18 |    87 ||   105
Dodge: Dodged            |    15 |    84 |    94 |   184 |   266 ||   643
       Repelled          |       |     1 |       |     6 |     4 ||    11
Block: Buckler           |       |    36 |    49 |   192 |   269 ||   546
       Reflection        |       |       |       |    16 |     4 ||    20

Table legend: (Time is in decaauts)
 A = Elapsed time spent in this place.
 B = Non-inter-level travel time spent in this place.
 C = Inter-level travel time spent in this place.
 D = Time resting spent in this place.
 E = Time spent auto-exploring this place.
 F = Levels seen in this place.
 G = Mean time per level.
                   A        B        C        D        E       F      G
               +--------+--------+--------+--------+--------+-----+--------+
         Total |  19830 |  19216 |    614 |   2489 |  12383 |  18 | 1101.7 |
       Dungeon |  14197 |  13812 |    385 |   2152 |   8421 |  11 | 1290.6 |
        Temple |     88 |     58 |     30 |      0 |     57 |   1 |   88.0 |
          Lair |   4634 |   4436 |    198 |    206 |   3475 |   5 |  926.8 |
       Volcano |    908 |    908 |      0 |    131 |    430 |   1 |  908.0 |
               +--------+--------+--------+--------+--------+-----+--------+

Top non-repeatable levels by time:
     D:2: 2534 daAuts
    D:10: 1894 daAuts
     D:6: 1577 daAuts
  Lair:3: 1486 daAuts
  Lair:4: 1314 daAuts
     D:4: 1308 daAuts
     D:5: 1286 daAuts
     D:7: 1285 daAuts
     D:8: 992 daAuts
  Lair:1: 992 daAuts
     D:9: 990 daAuts
     D:3: 988 daAuts
 Volcano: 908 daAuts
  Lair:2: 813 daAuts
     D:1: 808 daAuts
